 Dungeon Crawl Stone Soup version 0.17.1-3-g152610e (webtiles) character file.

23765 Gargoyl the Cleaver (level 12, -1/106 HPs)
             Began as a Demonspawn Abyssal Knight on Mar 17, 2016.
             Was the Champion of Lugonu.
             Slain by Donald
             ... wielding a +0 scimitar of holy wrath
              (15 damage)
             ... on level 4 of the Orcish Mines on Mar 18, 2016.
             The game lasted 00:50:06 (19683 turns).

Gargoyl the Cleaver (Demonspawn Abyssal Knight)    Turns: 19683, Time: 00:50:06

Health: -1/106     AC: 24    Str: 19 (20) XL:     12   Next: 74%
Magic:  17/17      EV:  8    Int: 11 (14) God:    Lugonu [******]
Gold:   1092       SH:  7    Dex: 10 (11) Spells: 0 memorised, 11 levels left

rFire  . . .     SeeInvis .     u - +2 war axe (vamp)
rCold  . . .     Clarity  .     k - +0 plate armour
rNeg   . . .     SustAt   .     j - +2 buckler
rPois  +         Gourm    .     q - +0 helmet
rElec  .         Spirit   .     l - +1 cloak {rPois}
rCorr  .         Warding  .     C - +0 pair of gloves
rMut   .         Stasis   .     i - +2 pair of boots
MR     +....                    (no amulet)
Stlth  ..........               E - ring of protection from magic
                                D - ring of poison resistance

@: mighty, somewhat resistant to hostile enchantments, extremely unstealthy
A: hooves 1, rough black scales 2, clumsy 1, deformed body, deterioration 1,
high mp 1, nightstalker 2, powered by pain 3, robust 1, spit poison 1
a: Spit Poison, Depart the Abyss, Bend Space, Banish, Corrupt, Enter the Abyss,
Brand Weapon With Distortion, Renounce Religion


You were on level 4 of the Orcish Mines.
You worshipped Lugonu.
Lugonu was exalted by your worship.
You were not hungry.

You visited 2 branches of the dungeon, and saw 14 of its levels.
You visited the Abyss 2 times.

You collected 1484 gold pieces.
You spent 392 gold pieces at shops.

Inventory:

Hand Weapons
 t - a +0 flail of venom
 u - a +2 vampiric war axe (weapon)
 w - a +0 war axe
Missiles
 s - 40 tomahawks (quivered)
Armour
 i - a +2 pair of boots (worn)
 j - a +2 buckler (worn)
 k - a +0 plate armour (worn)
 l - a +1 cloak of poison resistance (worn)
 q - a +0 helmet (worn)
 C - a +0 pair of gloves (worn)
Jewellery
 b - an uncursed ring of protection from cold
 D - a ring of poison resistance (left hand)
 E - a ring of protection from magic (right hand)
 I - an uncursed ring of flight
 L - an uncursed ring of protection from fire
Wands
 e - a wand of flame (21)
 h - a wand of frost (13)
Scrolls
 a - a scroll of identify
 d - 2 scrolls of fog
 n - 2 scrolls of recharging
 o - 4 scrolls of remove curse
 A - 2 scrolls of magic mapping
 F - a scroll of blinking
 K - a scroll of amnesia
Potions
 m - 2 potions of brilliance
 r - a potion of lignification
 v - 4 potions of curing
Books
 y - a book of the Earth

   Spells                             Type                      Level
   a - Leda's Liquefaction            Hexes/Earth                  4
   b - Bolt of Magma                  Conjuration/Fire/Earth       5
   c - Statue Form                    Transmutation/Earth          6
   d - Iron Shot                      Conjuration/Earth            6
   e - Shatter                        Earth                        9
 B - a book of Debilitation

   Spells                             Type                      Level
   a - Corona                         Hexes                        1
   b - Slow                           Hexes                        2
   c - Gell's Gravitas                Hexes/Translocation          3
   d - Inner Flame                    Hexes/Fire                   3
   e - Cause Fear                     Hexes                        4
   f - Leda's Liquefaction            Hexes/Earth                  4
 J - Sif Muna's Collected Works on Necromancy
   (You found it on level 8 of the Dungeon)

   Spells                             Type                      Level
   a - Animate Skeleton               Necromancy                   1
Comestibles
 c - 7 bread rations
 f - 4 meat rations


   Skills:
 + Level 9.9 Fighting
 + Level 11.0 Axes
 + Level 0.8 Throwing
 + Level 8.8 Armour
 + Level 7.3 Dodging
 + Level 1.3 Stealth
 + Level 8.0 Shields
 + Level 5.5 Invocations


You had 11 spell levels left.
You didn't know any spells.

Dungeon Overview and Level Annotations

Branches:
Dungeon (10/15)            Temple (0/1) D:5             Orc (4/4) D:9
   Lair: D:8-11         Elf: Orc:3-4

Altars:
Dithmenos
Fedhas
Gozag
Kikubaaqudgha
Makhleb
Okawaru
Qazlal
Ru
Sif Muna
Vehumet
Yredelemnul
Beogh

Shops:
D:6 =   D:7 =   Orc:1 !

Annotations:
Orc:4 Donald
Abyss:1 Maud, Maurice, Urug


Innate Abilities, Weirdness & Mutations

You have large cloven feet.
You are mostly covered in rough black scales (AC +7, Dex -2).
You are significantly more attuned to the shadows.
You are powered by pain.
You are clumsy. (Dex -2)
Armour fits poorly on your strangely shaped body.
Your body sometimes deteriorates upon taking damage.
You have an increased reservoir of magic (+10% MP).
You are robust (+10% HP).
You can spit weak poison.


Message History

Donald blocks your attack.
Donald is lightly wounded.
Donald hits you but does no damage.
You slash Donald!
You feel better.
Donald is moderately wounded.
You block Donald's attack. Donald blocks your attack.
Donald is moderately wounded.
Donald hits you with a scimitar of holy wrath!
You focus on the pain.
You feel very mighty all of a sudden.
You convulse!
* * * LOW HITPOINT WARNING * * *
Press: ? - help, Shift-Dir - straight line, f - Donald
Aim: Donald, wielding a scimitar of holy wrath, wearing a plate armour and wearing a shield (moderately wounded, chance to defeat MR: 14%)
You fail to use your ability.
Donald hits you with a scimitar of holy wrath!
* * * LOW HITPOINT WARNING * * *
You convulse!
You die...

#................
#................
#..................
##.................O
###...................
..........)....$......
.................)....
..#.....#......)@@....
...#)...........#)....
.......#.......$......
....[[................
.......[..#...........
.......[)#............
......).....#..
......÷)........
......÷[)..<.....


You could see Donald and an ogre (wandering).

Vanquished Creatures
  3 ogre magi (Orc:4)
  Erica (D:8)
  Nergalle (Orc:2)
  An orc high priest (Orc:1)
  Pikel (D:6)
  3 orc knights (Orc:1)
  An orc sorcerer (Orc:3)
  Psyche (D:8)
  2 trolls
  9 two-headed ogres
  A spriggan (D:8)
  Eustachio (D:5)
  A hippogriff (D:10)
  3 wyverns
  10 yaks (D:9)
  4 wargs
  Duvessa (D:7)
  2 ice beasts
  4 sky beasts
  A wasp (D:9)
  26 ogres
  3 phantoms
  23 orc warriors
  4 black bears
  5 centaurs
  Blork the orc (Orc:2)
  4 giant frogs
  Dowan (D:7)
  A water moccasin zombie (D:9)
  4 scorpions
  9 killer bees
  A wasp zombie (D:7)
  A centaur zombie (D:7)
  A gnoll shaman (D:10)
  5 hounds
  5 crimson imps
  A giant frog zombie (D:6)
  7 worker ants
  Crazy Yiuf (D:7)
  2 centaur skeletons
  6 jellies
  28 orc priests
  Jessica (D:3)
  34 orc wizards
  2 iguanas
  Natasha (thrice) (D:3)
  A killer bee zombie (D:5)
  A worker ant zombie (D:8)
  8 adders
  7 gnolls
  2 shadow imps
  2 oozes
  2 adder zombies (D:6)
  4 adder skeletons
  4 worms
  6 giant geckos
  185 orcs
  4 giant cockroaches
  6 goblins
  8 hobgoblins
  11 jackals
  5 quokkas
  A ball python (D:8)
  8 bats
  A giant cockroach zombie (D:6)
  A giant gecko zombie (D:5)
  2 giant newts
  8 kobolds
  2 quokka skeletons
  9 rats
518 creatures vanquished.

Vanquished Creatures (others)
  An orc knight (Orc:1)
  A troll (Orc:1)
  A hungry ghost (D:9)
  A jelly (D:8)
  An orc wizard (D:8)
  An adder (D:6)
  A shadow imp (D:5)
  A worm (D:6)
  A giant newt (D:6)
9 creatures vanquished.

Grand Total: 527 creatures vanquished

Notes
Turn   | Place    | Note
--------------------------------------------------------------
     0 | Abyss:1  | Gargoyl the Demonspawn Abyssal Knight began the quest for the Orb.
     0 | Abyss:1  | Reached XP level 1. HP: 18/18 MP: 2/2
     6 | Abyss:1  | Found a corrupted altar of Lugonu.
    38 | D:1      | Escaped the Abyss
   419 | D:1      | Reached * piety under Lugonu
   469 | D:1      | Gained mutation: You are partially covered in rough black scales (AC +4, Dex -1). [demonic ancestry]
   469 | D:1      | Reached XP level 2. HP: 5/24 MP: 4/4
   480 | D:1      | Reached skill level 1 in Dodging
  1607 | D:2      | Gained mutation: You are slightly more attuned to the shadows. [demonic ancestry]
  1607 | D:2      | Reached XP level 3. HP: 19/29 MP: 5/5
  1802 | D:2      | Reached ** piety under Lugonu
  2448 | D:3      | Noticed Jessica
  2455 | D:3      | Killed Jessica
  2455 | D:3      | Gained mutation: You have large cloven feet. [demonic ancestry]
  2455 | D:3      | Reached XP level 4. HP: 34/37 MP: 6/6
  2600 | D:3      | Found an iron altar of Okawaru.
  2951 | D:3      | Gained mutation: You are mostly covered in rough black scales (AC +7, Dex -2). [demonic ancestry]
  2951 | D:3      | Reached XP level 5. HP: 39/42 MP: 7/7
  3117 | D:3      | Noticed Natasha
  3124 | D:3      | Killed Natasha
  3124 | D:3      | Reached skill level 4 in Fighting
  3124 | D:3      | Noticed Natasha
  3131 | D:3      | Killed Natasha
  3145 | D:3      | Noticed Natasha
  3150 | D:3      | Killed Natasha
  3347 | D:4      | Reached *** piety under Lugonu
  3396 | D:4      | Reached skill level 1 in Shields
  3516 | D:4      | Gained mutation: You sometimes gain a little power by taking damage. [demonic ancestry]
  3516 | D:4      | Reached XP level 6. HP: 33/48 MP: 8/8
  3682 | D:4      | Found a shadowy altar of Dithmenos.
  3735 | D:4      | Noticed an ogre
  3747 | D:4      | Killed an ogre
  3747 | D:4      | Gained mutation: You are significantly more attuned to the shadows. [demonic ancestry]
  3747 | D:4      | Reached XP level 7. HP: 55/55 MP: 9/9
  3877 | D:4      | Noticed a phantom
  3900 | D:4      | Killed a phantom
  4156 | D:4      | Reached skill level 1 in Stealth
  4211 | D:5      | Entered Level 5 of the Dungeon
  4248 | D:5      | Noticed Eustachio
  4264 | D:5      | Found a stormy altar of Qazlal.
  4276 | D:5      | Killed Eustachio
  4276 | D:5      | Reached **** piety under Lugonu
  4276 | D:5      | Reached skill level 5 in Fighting
  4329 | D:5      | Reached XP level 8. HP: 62/62 MP: 10/10
  4437 | D:5      | Found a staircase to the Ecumenical Temple.
  5242 | D:6      | Found Ibriogak's Jewellery Emporium.
  5428 | D:6      | Reached skill level 5 in Axes
  5434 | D:6      | Reached skill level 5 in Dodging
  5481 | D:6      | Noticed Pikel
  5505 | D:6      | Killed Pikel
  5505 | D:6      | Reached skill level 6 in Fighting
  5505 | D:6      | Reached XP level 9. HP: 47/69 MP: 11/11
  5556 | D:6      | Gained mutation: You can breathe flames. [mutagenic meat]
  5558 | D:6      | Gained mutation: Your spells are a little harder to cast, but a little more powerful. [mutagenic meat]
  5559 | D:6      | Lost mutation: You can breathe flames. [mutagenic meat]
  5560 | D:6      | Lost mutation: Your spells are a little harder to cast, but a little more powerful. [mutagenic meat]
  6142 | D:7      | Found an opulent altar of Gozag.
  6142 | D:7      | Noticed Duvessa
  6145 | D:7      | Noticed Dowan
  6161 | D:7      | Killed Duvessa
  6163 | D:7      | Reached skill level 5 in Armour
  6174 | D:7      | Killed Dowan
  6355 | D:7      | Gained mutation: You are clumsy. (Dex -2) [mutagenic meat]
  6356 | D:7      | Gained mutation: You can spit weak poison. [mutagenic meat]
  6357 | D:7      | Gained mutation: You have a pair of small horns on your head. [mutagenic meat]
  6359 | D:7      | Gained mutation: Armour fits poorly on your strangely shaped body. [mutagenic meat]
  6479 | D:7      | Found a blossoming altar of Fedhas.
  6574 | D:7      | Noticed Crazy Yiuf
  6584 | D:7      | Killed Crazy Yiuf
  6627 | D:7      | Found a burning altar of Makhleb.
  6628 | D:7      | Found a radiant altar of Vehumet.
  6723 | D:7      | Found Nennoxza's Jewellery Shoppe.
  6729 | D:7      | Bought an uncursed ring of protection from magic for 275 gold pieces
  6800 | D:7      | Reached ***** piety under Lugonu
  6809 | D:7      | Found a basalt altar of Yredelemnul.
  6863 | D:7      | Found a sacrificial altar of Ru.
  7090 | D:8      | Reached skill level 7 in Axes
  7230 | D:8      | Gained mutation: You sometimes gain power by taking damage. [demonic ancestry]
  7230 | D:8      | Reached XP level 10. HP: 21/77 MP: 12/12
  7509 | D:8      | Noticed Psyche
  7521 | D:8      | Paralysed by something for 5 turns
  7535 | D:8      | Killed Psyche
  7689 | D:8      | Noticed Erica
  7716 | D:8      | Killed Erica
  7716 | D:8      | Reached skill level 5 in Shields
  7963 | D:8      | Found a deep blue altar of Sif Muna.
  8088 | D:8      | Identified Sif Muna's Collected Works on Necromancy (You found it on level 8 of the Dungeon)
  8162 | D:8      | Noticed Maurice
  8190 | D:8      | Banished Maurice
  8820 | D:9      | Found an ancient bone altar of Kikubaaqudgha.
  9370 | D:9      | Found a staircase to the Orcish Mines.
  9500 | D:9      | Reached skill level 8 in Axes
  9839 | D:9      | Reached XP level 11. HP: 86/86 MP: 13/13
 10103 | D:10     | Entered Level 10 of the Dungeon
 10883 | D:10     | Gained mutation: You have an increased reservoir of magic (+10% MP). [mutagenic meat]
 10884 | D:10     | Lost mutation: You have a pair of small horns on your head. [mutagenic meat]
 10885 | D:10     | Gained mutation: You are robust (+10% HP). [mutagenic meat]
 10887 | D:10     | Gained mutation: Your body sometimes deteriorates upon taking damage. [mutagenic meat]
 11012 | Orc:1    | Entered Level 1 of the Orcish Mines
 11046 | Orc:1    | Found Eson's Distillery.
 11093 | Orc:1    | Bought a potion of curing for 39 gold pieces
 11093 | Orc:1    | Bought a potion of curing for 39 gold pieces
 11093 | Orc:1    | Bought a potion of curing for 39 gold pieces
 11139 | Orc:1    | Reached ****** piety under Lugonu
 11207 | Orc:1    | Found a roughly hewn altar of Beogh.
 11459 | Orc:1    | Reached skill level 9 in Axes
 14823 | Orc:1    | HP: 4/94 [orc knight/great mace (9)]
 15347 | Orc:2    | Noticed Maud
 15387 | Orc:2    | Noticed Blork the orc
 15395 | Orc:1    | Banished Maud
 15601 | Orc:2    | Killed Blork the orc
 16471 | Orc:2    | Noticed Urug
 16508 | Orc:2    | Banished Urug
 16508 | Orc:2    | Gained mutation: You are powered by pain. [demonic ancestry]
 16508 | Orc:2    | Reached XP level 12. HP: 10/103 MP: 17/17
 17010 | Orc:2    | Noticed an orc high priest
 17169 | Orc:1    | Reached skill level 10 in Axes
 17217 | Orc:1    | Killed an orc high priest
 17639 | Orc:3    | Noticed Nergalle
 17704 | Orc:2    | Killed Nergalle
 18521 | Orc:3    | Found a roughly hewn altar of Beogh.
 18690 | Orc:4    | Entered Level 4 of the Orcish Mines
 18891 | Orc:4    | Noticed an ogre mage
 18891 | Orc:4    | Noticed an ogre mage
 19092 | Orc:4    | Killed an ogre mage
 19097 | Orc:4    | Cast into the Abyss (an ogre mage)
 19097 | Abyss:1  | Found a corrupted altar of Lugonu.
 19169 | Abyss:1  | Found a corrupted altar of Lugonu.
 19185 | Orc:4    | Escaped the Abyss
 19194 | Orc:4    | Noticed an ogre mage
 19209 | Orc:4    | Killed an ogre mage
 19209 | Orc:4    | Reached skill level 5 in Invocations
 19238 | Orc:4    | Killed an ogre mage
 19278 | Orc:4    | Paralysed by an orc sorcerer for 5 turns
 19555 | Orc:4    | Reached skill level 11 in Axes
 19659 | Orc:4    | Noticed Donald
 19683 | Orc:4    | Slain by Donald

Action                   |  1- 3 |  4- 6 |  7- 9 | 10-12 || total
-------------------------+-------+-------+-------+-------++-------
Melee: Hand axe          |   181 |   128 |       |       ||   309
       War axe           |       |    77 |   494 |  1387 ||  1958
Throw: Tomahawk          |       |     1 |     3 |     3 ||     7
Invok: Depart the Abyss  |     1 |       |       |     1 ||     2
       Banish            |       |       |       |    11 ||    11
       Bend Space        |       |       |       |     1 ||     1
 Abil: Evoke Flight      |       |       |       |     1 ||     1
  Use: Scroll            |     1 |       |    11 |     4 ||    16
       Potion            |       |       |       |     9 ||     9
 Stab: Sleeping          |       |       |     2 |       ||     2
       Distracted        |       |       |     1 |       ||     1
  Eat: Chunk             |     5 |     1 |    19 |    14 ||    39
       Bread ration      |       |     1 |       |     5 ||     6
       Fruit             |       |     5 |       |    10 ||    15
       Meat ration       |       |       |     1 |       ||     1
       Royal jelly       |       |       |       |     1 ||     1
       Beef jerky        |       |       |       |     2 ||     2
       Pizza             |       |       |       |     1 ||     1
